Map: Ruins of Seras

Players

basior - Winner!

  • Race: Terran Terran
  • League: Master

Miszu

  • Race: Terran Terran
  • League: Master

VOD

Have the link to the VOD?

Description

Time

  • Played on: Feb. 4, 2016, 1:26 p.m.
  • Length: 9:08
Show
View Real Time Build Order
Export as new Build Order

basior Terran - Winner!

Build Orders: Reaper Expand, Bio Tank 

Get SALT Encoding   

  12  0:00  SCV  
  13  0:13  SCV  
  14  0:18  Supply Depot  
  14  0:25  SCV  
  15  0:40  SCV  
  15  0:41  Barracks  
  16  0:46  Refinery  
  16  0:52  SCV  
  17  1:04  SCV  
  18  1:16  SCV  
  19  1:28  Reaper  
  19  1:29  Orbital Command  
  20  1:44  Command Center  
  20  1:55  Supply Depot  
  20  1:56  SCV  
  21  2:07  Marine  
  22  2:10  SCV  
  22  2:12  Factory  
  23  2:23  SCV  
  23  2:25  Marine  
  23  2:26  Refinery  
  25  2:36  SCV  
  26  2:46  Marine  
  26  2:48  SCV  
  28  2:55  Orbital Command  
  28  2:56  Widow Mine  
  28  2:58  Starport  
  30  3:00  SCV  
  31  3:09  Marine  
  31  3:12  SCV  
  33  3:23  SCV  
  33  3:25  SCV  
  35  3:27  Marine, Factory Tech Lab  
  36  3:35  Medivac  
  36  3:39  SCV  
  36  3:41  SCV  
  40  3:45  Supply Depot, Marine, Barracks  
  40  3:46  Barracks  
  41  3:51  Siege Tank, SCV  
  41  3:53  SCV  
  46  4:06  Viking, SCV x2  
  50  4:11  Barracks Reactor  
  50  4:15  Refinery  
  50  4:17  Supply Depot  
  50  4:18  SCV  
  50  4:19  SCV  
  52  4:30  Engineering Bay, SCV  
  53  4:31  Supply Depot  
  53  4:36  Barracks Tech Lab x2  
  53  4:38  Siege Tank  
  53  4:39  Supply Depot  
  55  4:48  SCV  
  55  4:49  SCV  
  55  4:50  Marine x2  
  55  4:51  Medivac  
  60  4:59  Marine x2  
  62  5:00  Refinery, SCV  
  62  5:01  Stimpack  
  62  5:02  SCV  
  64  5:08  Marine x2  
  64  5:13  Supply Depot, SCV  
  67  5:14  SCV  
  67  5:18  Marine x2  
  70  5:25  SCV  
  70  5:29  Siege Tank  
  70  5:33  SCV  
  74  5:37  Terran Infantry Weapons Level 1, SCV  
  74  5:38  Barracks Reactor  
  74  5:40  Barracks x2  
  75  5:45  SCV  
  75  5:47  Marine x2, Combat Shields  
  75  5:49  SCV  
  79  5:54  Supply Depot  
  77  6:00  SCV  
  77  6:01  SCV  
  77  6:02  Siege Tank  
  77  6:04  Supply Depot  
  82  6:05  Marine x2  
  82  6:06  Medivac  
  86  6:15  SCV x2  
  87  6:27  SCV  
  87  6:28  SCV  
  87  6:38  Marine x2  
  85  6:46  Barracks Reactor, Marine  
  85  6:47  Marine, Siege Tank  
  86  6:56  Marine x2, Command Center  
  86  6:59  Barracks Reactor  
  87  7:03  SCV  
  87  7:04  Marine  
  86  7:14  Marine x2  
  86  7:15  Medivac  
  86  7:16  Medivac  
  86  7:19  Siege Tank  
  86  7:22  Marine, SCV  
  94  7:23  Factory  
  94  7:25  Supply Depot x2, Barracks Reactor  
  94  7:29  Marine x2  
  95  7:31  Marine  
  95  7:32  Marine  
  95  7:35  Marine x2  
  100  7:40  Marine  
  100  7:45  Medivac  
  100  7:47  Marine x2  
  100  7:49  Marine  
  100  7:50  Marine  
  97  7:51  Medivac  
  97  7:53  Marine x2  
  97  7:58  Marine  
  104  8:02  Marine x2, Siege Tank  
  104  8:03  SCV  
  104  8:05  Marine x2  
  109  8:07  Marine  
  109  8:08  Marine  
  109  8:10  Marine, Siege Tank  
  109  8:11  Marine  
  117  8:16  Marine, Medivac  
  117  8:19  Marine  
  119  8:20  Marine  
  119  8:21  Medivac  
  119  8:23  Marine  
  119  8:24  Marine, Refinery  
  119  8:25  Marine, SCV  
  119  8:26  SCV  
  126  8:31  Orbital Command  
  126  8:42  Marine x3  
  126  8:43  Marine x4  
  133  8:49  Supply Depot, Marine  
  135  8:57  Supply Depot  
Show
View Real Time Build Order
Export as new Build Order

Miszu Terran 

Build Orders: MMM Bio 

Get SALT Encoding   

  12  0:01  SCV  
  13  0:13  SCV  
  14  0:21  Supply Depot  
  14  0:27  SCV  
  15  0:43  Barracks, SCV  
  15  0:48  Refinery  
  16  0:55  SCV  
  17  1:07  SCV  
  18  1:19  SCV  
  19  1:31  Orbital Command  
  19  1:32  Barracks Reactor  
  19  1:49  Command Center  
  19  1:57  SCV  
  19  2:00  Supply Depot  
  19  2:09  SCV  
  19  2:10  Marine x2  
  22  2:21  SCV  
  22  2:22  Factory  
  23  2:28  Marine x2  
  25  2:44  SCV  
  26  2:46  Marine  
  26  2:51  Refinery  
  27  2:58  SCV  
  28  3:04  Marine  
  28  3:05  Marine  
  30  3:07  Starport  
  30  3:10  Orbital Command  
  29  3:13  SCV  
  29  3:14  Factory Tech Lab  
  30  3:22  Marine x2  
  30  3:25  SCV  
  33  3:32  Supply Depot  
  33  3:37  Cyclone, SCV  
  33  3:39  SCV  
  33  3:48  Viking  
  38  3:49  SCV  
  38  3:53  Marine  
  42  3:58  SCV  
  42  4:01  Supply Depot  
  42  4:02  SCV  
  44  4:10  Siege Tank  
  44  4:13  SCV  
  44  4:15  SCV  
  49  4:27  Barracks  
  49  4:28  Barracks  
  49  4:30  Starport Reactor  
  49  4:31  SCV  
  49  4:32  SCV  
  49  4:36  Refinery  
  49  4:37  Marine x2  
  53  4:48  SCV x2  
  54  4:53  Siege Tank  
  54  4:56  Refinery  
  57  5:00  SCV  
  57  5:02  SCV  
  57  5:06  Supply Depot  
  59  5:12  SCV  
  59  5:13  Marine  
  61  5:14  Barracks Tech Lab, SCV  
  61  5:15  Barracks Tech Lab  
  61  5:20  Marine  
  61  5:24  SCV  
  62  5:29  Siege Tank  
  62  5:30  SCV  
  62  5:31  Marine  
  62  5:34  Engineering Bay  
  62  5:35  Stimpack  
  67  5:36  SCV  
  67  5:38  Marine  
  69  5:48  SCV  
  69  5:49  SCV  
  70  5:53  Supply Depot  
  70  5:55  Combat Shields  
  70  6:05  Terran Infantry Weapons Level 1  
  70  6:08  Supply Depot  
  70  6:14  Marine, SCV  
  70  6:15  Marine, Medivac x2  
  72  6:38  SCV  
  65  6:42  SCV  
  66  6:50  Marine x3, SCV  
  66  6:54  SCV  
  70  7:02  SCV  
  70  7:06  SCV  
  72  7:12  Marine  
  72  7:13  Siege Tank  
  72  7:14  SCV  
  77  7:17  Marine x3  
  77  7:18  Supply Depot x2, Medivac, SCV  
  77  7:19  Medivac  
  85  7:26  SCV  
  85  7:27  Barracks x2  
  86  7:32  Refinery  
  86  7:37  Marine  
  86  7:39  Marine x3  
  86  7:42  SCV  
  86  7:43  SCV  
  83  7:54  SCV  
  83  7:55  Marine, SCV  
  83  7:56  Siege Tank  
  83  7:57  Marine x2  
  90  8:02  Marine  
  91  8:07  SCV x2  
  93  8:14  Marine  
  93  8:15  Marine  
  93  8:16  Medivac x2  
  93  8:19  SCV x2  
  101  8:26  Marine  
  102  8:34  Supply Depot, Widow Mine  
  102  8:35  Supply Depot, Marine x3, SCV  
  105  8:46  Marine  
  105  8:47  Marine  
  107  8:48  Marine  
Tags
 
Add a new tag
Caveats
  • Supply blocks, unpowered buildings, or Contaminate may cause inaccurate times.
  • Supply counts are checked every 10 seconds.